 Dungeon Crawl Stone Soup version 0.27-b1-42-g19c61b19a5 (webtiles) character file.

Game seed: 9220453788588766141

8 grindst0ne the Skirmisher (level 2, -3/25 HPs)
             Began as a Palentonga Fighter on July 29, 2021.
             Slain by Sigmund (5 damage)
             ... on level 2 of the Dungeon.
             The game lasted 00:02:04 (764 turns).

grindst0ne the Skirmisher (Palentonga Fighter)       Turns: 764, Time: 00:02:05

Health: -3/25      AC:  6    Str: 19    XL:     2   Next: 0%
Magic:  0/2        EV:  5    Int:  8    God:
Gold:   22         SH:  0    Dex:  9    Spells: 1/1 levels left

rFire    . . .     SeeInvis +   a - +0 war axe
rCold    . . .     Faith    .   c - +0 kite shield
rNeg     . . .     Spirit   +   b - +0 scale mail
rPois    .         Reflect  .   (no helmet)
rElec    .         Harm     .   (no cloak)
rCorr    .         Rampage  .   (no gloves)
Will     .....                  (no barding)
Stlth    ..........             f - amulet of guardian spirit
HPRegen  0.08/turn              (no ring)
MPRegen  0.08/turn              (no ring)

@: confused, mighty
A: large, rugged brown scales 3, see invisible, deformed body, roll 1, armoured
tail
a: Rolling Charge


You were on level 2 of the Dungeon.
You visited 1 branch of the dungeon, and saw 2 of its levels.

You collected 22 gold pieces.

Inventory:

Hand Weapons
 a - a +0 war axe (weapon)
Armour
 b - a +0 scale mail (worn)
 c - a +0 kite shield (worn)
Jewellery
 f - an amulet of guardian spirit (around neck)
Scrolls
 g - a scroll of enchant armour {unknown}
 h - a scroll of immolation {unknown}
 i - a scroll of fear {unknown}
 j - a scroll of identify {unknown}
 k - a scroll of fog {unknown}


   Skills:
 + Level 3.3 Fighting
 + Level 2.4 Axes
 - Level 2.4 Armour
 - Level 2.4 Shields


You had one spell level left.
You didn't know any spells.
Your spell library was empty.

Dungeon Overview and Level Annotations

Branches:
Dungeon (2/15)

Altars:

Annotations:
D:2 Sigmund


Innate Abilities, Weirdness & Mutations

You are completely covered in rugged brown scales. (AC +3, +7% HP)
You have supernaturally acute eyesight. (SInv)
Armour fits poorly on your strangely shaped body.
You can roll at nearby foes to attack.
You have a long armoured tail.


Message History

Sigmund the Dreaded comes into view.
He is wielding a +0 scythe.
Sigmund shouts!
You aren't carrying any items that you can evoke.
Okay, then.
There is a stone staircase leading up here.
Found a stone staircase leading down.
A rat comes into view.
You slash the rat!
You kill the rat!
You have reached level 2!
You feel very mighty all of a sudden.
Sigmund hits you from afar with a +0 scythe!
Sigmund points at you and mumbles some strange words.
You resist with significant effort.
Your shield prevents you from hitting Sigmund.
Sigmund casts a spell at you.
You are confused.
Sigmund hits you from afar with a +0 scythe.
It was a potion of curing.
You feel better. Sigmund hits you but does no damage.
Sigmund hits you but does no damage.
You slash Sigmund!
Sigmund is moderately wounded.
Sigmund casts a spell at you.
You are confused.
Sigmund points at you and mumbles some strange words.
You are more confused.
Sigmund hits you but does no damage. Sigmund hits you with a +0 scythe!
You see here 17 stones.
You barely miss Sigmund.
Your tail-slap misses Sigmund.
Sigmund is moderately wounded.
Sigmund hits you with a +0 scythe!
* * * LOW HITPOINT WARNING * * *
You closely miss Sigmund.
Sigmund is moderately wounded.
Sigmund says, "Look into my eyes."
Sigmund casts a spell at you. You resist with significant effort.
Sigmund hits you with a +0 scythe.
You die...

.# .# ###
.#### #..
....#
#.##.##.#
#....##.#
#>.####.#
#..####.#
#.@@....#
##.####<####.#
#.##........#
#.##.........#
............##
#......#.##.#
...###.##.. @.
#..# #. ### #.
.. #.


You could see Sigmund.

Vanquished Creatures
  A dart slug (D:1)
  A ball python (D:1)
  A goblin (D:1)
  A bat (D:1)
  3 rats
7 creatures vanquished.

Vanquished Creatures (others)
  A plant (D:2)
1 creature vanquished.

Grand Total: 8 creatures vanquished

Notes
Turn   | Place    | Note
-------+----------+-------------------------------------------
     0 | D:1      | grindst0ne the Palentonga Fighter began the quest for the
                  | Orb.
     0 | D:1      | Reached XP level 1. HP: 19/19 MP: 1/1
   741 | D:2      | Noticed Sigmund
   750 | D:2      | Reached XP level 2. HP: 25/25 MP: 2/2
   764 | D:2      | Slain by Sigmund

Illustrated notes

Levels and vault maps discovered:
D:1:      minmay_arrival_doors, layout_loops_ring
D:2:      layout_loops_cross, serial_bayou, serial_bayou_shore_a,
          serial_bayou_shore_b, serial_bayou_lagoon_a, serial_bayou_crossing,
          hellmonk_ecumenical_altar_inner_sanctum, uniq_sigmund

Action                   || total
-------------------------++-------
Melee: War axe           ||    21
       Tailslap          ||     1
  Use: Potion            ||     2
Armor: Scale mail        ||    22
Dodge: Dodged            ||     3
Block: Kite shield       ||    16
